 Dungeon Crawl Stone Soup version 0.31-a0-321-g19405a7a6a (webtiles) character file.

Game seed: 17556443167249788033

4476 Pooter the Cleaver (level 10, -2/135 HPs)
             Began as a Minotaur Berserker on July 18, 2023.
             Was a Priest of Trog.
             Slain by a seven-headed hydra (8 damage)
             ... on level 8 of the Dungeon.
             The game lasted 00:31:41 (9012 turns).

Pooter the Cleaver (Minotaur Berserker)             Turns: 9012, Time: 00:31:42

Health: -2/135     AC: 13    Str: 24    XL:     10   Next: 15%
Magic:  9/9        EV:  7    Int:  6    God:    Trog [***...]
Gold:   457        SH:  0    Dex: 10    Spells: 9/9 levels left

rFire   + . .        u - +1 morningstar
rCold   . . .        (no shield)
rNeg    . . .        m - +1 plate armour
rPois   .            (helmet restricted)
rElec   .            (no cloak)
rCorr   .            r - +0 pair of gloves
SInv    .            (no boots)
Will    .....        (no amulet) Stlth
                     F - ring of protection from fire
HPRegen 0.42/turn    (no ring)
MPRegen 0.11/turn

%: no passive effects
@: berserking, very quick
A: horns 2, retaliatory headbutt
a: Renounce Religion, Berserk, Trog's Hand


You were on level 8 of the Dungeon.
You worshipped Trog.
Trog was most pleased with you.
You visited 1 branch of the dungeon, and saw 9 of its levels.

You collected 457 gold pieces.

Inventory:

Hand Weapons
 a - a +2 battleaxe
   (You took it off a wight on level 4 of the Dungeon)
 b - the +11 sling of Destiny {flame, Int+4}
   (You found it on level 8 of the Dungeon)

   Int:       It affects your intelligence (+4).
 l - a +0 arbalest of draining
   (You acquired it on level 8 of the Dungeon)
 u - a +1 morningstar (weapon)
   (You took it off a wight on level 4 of the Dungeon)
 x - the +2 mace "Tushit" {flame, rElec}
   (You found it on level 5 of the Dungeon)

   rElec:     It insulates you from electricity.
Missiles
 v - 3 boomerangs (quivered)
 w - 3 silver boomerangs
 B - a boomerang of dispersal {!f}
 Q - 88 stones
Armour
 i - the +1 ring mail "Qeesaw" {SInv}
   (You found it on level 8 of the Dungeon)

   SInv:      It lets you see invisible.
 m - a +1 plate armour (worn)
   (You found it on level 3 of the Dungeon)
 r - a +0 pair of gloves (worn)
   (You found it on level 4 of the Dungeon)
Jewellery
 F - a ring of protection from fire (left hand)
   (You took it off a wight on level 7 of the Dungeon)
Wands
 d - a wand of polymorph (11)
   (You found it on level 2 of the Dungeon)
 y - a wand of charming (11)
   (You found it on level 6 of the Dungeon)
 D - a wand of digging (7)
   (You found it on level 3 of the Dungeon)
Scrolls
 c - 5 scrolls of butterflies
 j - 2 scrolls of immolation {!r}
 k - a scroll of noise {!r}
 q - 2 scrolls of vulnerability {!r}
 s - 4 scrolls of fog
 t - 3 scrolls of teleportation {@r4}
Potions
 e - a potion of magic {unknown}
 f - a potion of mutation {unknown}
 g - 2 potions of lignification {!q}
 h - 2 potions of curing {@q1}
 o - a potion of heal wounds {unknown}
 z - a potion of haste {unknown}


   Skills:
 + Level 8.8 Fighting
 * Level 11.8 Axes
 * Level 9.7 Ranged Weapons
 - Level 2.4 Armour
 - Level 2.1 Dodging
 - Level 2.4 Stealth


You had 9 spell levels left.
You didn't know any spells.
Your spell library was empty.

Dungeon Overview and Level Annotations

Branches:
Dungeon (9/15) Zot: 26958  Temple (0/1) D:7            Lair (0/5) D:8
    Orc: D:9-12

Altars:
Makhleb
Trog
Yredelemnul
Zin


Innate Abilities, Weirdness & Mutations

You have a pair of horns on your head.
You reflexively headbutt those who attack you in melee.


Message History

The gnoll hits you but does no damage.
You climb upwards.
There is a stone staircase leading down here.
u - a +1 morningstar (weapon)
A red film seems to cover your vision as you go berserk!
You feel yourself moving faster!
You feel mighty!
The gnoll bouda hits you but does no damage.
The seven-headed hydra bites you. The seven-headed hydra bites you!
The seven-headed hydra bites you but does no damage.
The seven-headed hydra completely misses you.
The seven-headed hydra bites you but does no damage. x2
The seven-headed hydra bites you! The gnoll hits you but does no damage.
You puncture the seven-headed hydra! You headbutt the seven-headed hydra.
The gnoll bouda hits you but does no damage.
The seven-headed hydra bites you but does no damage.
The seven-headed hydra bites you.
* * * LOW HITPOINT WARNING * * *
The seven-headed hydra bites you but does no damage.
The seven-headed hydra barely misses you.
The seven-headed hydra bites you!
* * * LOW HITPOINT WARNING * * *
The seven-headed hydra bites you.
* * * LOW HITPOINT WARNING * * *
The seven-headed hydra bites you!
* * * LOW HITPOINT WARNING * * *
The gnoll barely misses you.
You bludgeon the seven-headed hydra!!
The gnoll bouda hits you with a +0 whip.
* * * LOW HITPOINT WARNING * * *
The seven-headed hydra bites you but does no damage.
The seven-headed hydra bites you.
* * * LOW HITPOINT WARNING * * *
The seven-headed hydra bites you.
* * * LOW HITPOINT WARNING * * *
The seven-headed hydra bites you but does no damage.
The seven-headed hydra bites you!
* * * LOW HITPOINT WARNING * * *
The seven-headed hydra bites you.
* * * LOW HITPOINT WARNING * * *
The seven-headed hydra bites you.
* * * LOW HITPOINT WARNING * * *
The gnoll barely misses you.
You completely miss the seven-headed hydra.
Unknown command.
You thump the seven-headed hydra! You headbutt the seven-headed hydra!
The gnoll bouda barely misses you. The seven-headed hydra bites you!
* * * LOW HITPOINT WARNING * * *
The seven-headed hydra closely misses you.
The seven-headed hydra bites you!
You die...

....###.#.## #..##.##.........#
....'...#..#####)..#...........##
....######.........####.#.####'##
#..## ####..#..<)..#...#......
...# ########..#)...#.#..........
##.###.........#....#...#........
.....#.#######.....)....#....#'##
##.#.#.........g.)...............
##.#.#..#####..#@g..#.###.###....
##.#.#..>.......D)......#.###.###
........<.........#.#.#.#.#......
#....#...#####...##.#.#.#.#.#.###
...#.#...# #[.......#.#.#...#
...#.#...#####...##.###.#!#####
........................#.#
...###.#...###.#.##.......#
##.#.............##.#######


You could see a seven-headed hydra, a gnoll bouda and a gnoll (swift).

Vanquished Creatures
  An elephant (D:8)
  A hornet (D:8)
  A wyvern (D:8)
  A basilisk (D:8)
  An acid dragon (D:8)
  4 water moccasins
  2 sky beasts
  2 ice beasts
  An orc warrior (D:7)
  3 black bears
  2 ogres
  3 centaurs
  A phantom (D:7)
  5 bullfrogs
  2 necrophages (D:4)
  2 scorpions
  A gnoll sergeant (D:7)
  9 wights
  A centaur zombie (D:4)
  3 orc priests
  2 hounds
  A jelly (D:5)
  A human zombie (D:4)
  2 sleepcaps
  3 iguanas
  3 orc wizards
  4 hound zombies (D:4)
  A mummy (D:4)
  11 adders
  12 gnolls
  A shadow imp (D:7)
  3 white imps
  An ufetubus (D:6)
  An adder zombie (D:4)
  A worm (D:2)
  A dart slug (D:4)
  21 orcs
  9 endoplasms
  4 giant cockroaches
  5 goblins
  7 hobgoblins
  2 quokkas
  6 ball pythons
  7 bats
  3 frilled lizards (D:1)
  8 kobolds
  6 rats
172 creatures vanquished.

Notes
Turn   | Place    | Note
-------+----------+-------------------------------------------
     0 | D:1      | Pooter the Minotaur Berserker began the quest for the Orb.
     0 | D:1      | Reached XP level 1. HP: 19/19 MP: 0/0
   159 | D:1      | Reached XP level 2. HP: 26/27 MP: 1/1
   169 | D:1      | Reached skill level 4 in Axes
   179 | D:1      | Reached skill level 1 in Stealth
   290 | D:1      | Reached ** piety under Trog
   527 | D:1      | Found a faded altar of an unknown god.
   953 | D:2      | Reached XP level 3. HP: 33/33 MP: 2/2
  1414 | D:2      | Reached XP level 4. HP: 36/40 MP: 3/3
  2259 | D:3      | Reached skill level 5 in Axes
  2962 | D:4      | Reached XP level 5. HP: 36/47 MP: 4/4
  3150 | D:4      | Reached skill level 1 in Ranged Weapons
  3260 | D:4      | Noticed an ogre
  3268 | D:4      | Killed an ogre
  3536 | D:4      | Reached XP level 6. HP: 55/55 MP: 5/5
  3548 | D:4      | Reached skill level 5 in Fighting
  3548 | D:4      | Reached skill level 6 in Axes
  3647 | D:4      | Reached XP level 7. HP: 50/61 MP: 6/6
  3687 | D:4      | Found a basalt altar of Yredelemnul.
  3693 | D:4      | Reached *** piety under Trog
  3768 | D:4      | Reached skill level 7 in Axes
  3949 | D:4      | Found a glowing silver altar of Zin.
  3958 | D:4      | Found a bloodstained altar of Trog.
  3987 | D:5      | Entered Level 5 of the Dungeon
  4060 | D:5      | You fall into a shaft and drop 2 floors!
  4505 | D:6      | Reached skill level 5 in Ranged Weapons
  4505 | D:6      | Reached XP level 8. HP: 65/70 MP: 7/7
  4704 | D:6      | Reached skill level 8 in Axes
  5508 | D:5      | Reached skill level 9 in Axes
  5588 | D:5      | Identified the +2 mace "Tushit" {flame, rElec}
  5805 | D:6      | Found a burning altar of Makhleb.
  5805 | D:6      | Noticed an Executioner
  5808 | D:6      | Noticed a hellwing
  5844 | D:6      | Reached XP level 9. HP: 79/79 MP: 8/8
  6339 | D:7      | Found a staircase to the Ecumenical Temple.
  6347 | D:7      | Reached skill level 10 in Axes
  7644 | D:8      | Identified a scroll of acquirement
  7644 | D:8      | Acquired a +0 arbalest of draining
  7674 | D:8      | Noticed an elephant
  7693 | D:8      | Paralysed by a hornet for 3 turns
  7698 | D:8      | Reached skill level 11 in Axes
  7817 | D:8      | Identified the +2 trident of the Blowfly {pain, Will+}
  8291 | D:8      | Found a staircase to the Lair.
  8295 | D:8      | Identified the +11 sling of Destiny {flame, Int+4}
  8320 | D:8      | Reached XP level 10. HP: 58/90 MP: 9/9
  8628 | D:8      | Killed an elephant
  8926 | D:8      | Identified the +1 ring mail "Qeesaw" {SInv}
  8982 | D:9      | Noticed a seven-headed hydra
  9004 | D:9      | Noticed a cyan ugly thing
  9005 | D:9      | Noticed a cyclops
  9012 | D:8      | HP: 6/135 [seven-headed hydra (7)]
  9012 | D:8      | Slain by a seven-headed hydra

Illustrated notes

Levels and vault maps discovered:
D:1:      dpeg_arrival_more_subterranean_lakeside_camping, layout_basic,
          shapermc_ecumenical_altar_flowoftime, minivault_23, minmay_circled_x
D:2:      layout_basic
D:3:      layout_basic, minmay_misc_feat_columns, eino_tiny_chamber,
          minmay_splitting_lines
D:4:      layout_basic, lemuel_mausoleum_altar_yredelemnul,
          mainiacjoe_overflow_swirl
D:5:      layout_rooms, bh_walls_and_bars
D:6:      layout_loops_ring, makhleb_altar_promises_db, mrwooster_statue_mirror,
          minivault_14
D:7:      layout_basic, minmay_temple_entry_stoned_glass
D:8:      layout_basic, david_lair_generic
D:9:      layout_big_octagon, mainiacjoe_overflow_surrounded_room,
          tso_oasis_becter, chequers_temple_overflow_statue_of_worship,
          david_orc_2, serial_gnoll_camp, gnoll_camp_huts_moat,
          gnoll_camp_mini_loothouse, gnoll_camp_mini_doghouse,
          gnoll_camp_medium_01, minivault_28

Skill      XL: |  1  2  3  4  5  6  7  8  9 |
---------------+----------------------------+-----
Axes           | 4 5 6 7 9 11 | 11.8
Stealth        | 1 2 |  2.4
Fighting       | 4 5 6 7 8 |  8.8
Ranged Weapons | 2 3 5 7 9 |  9.7
Armour         | |  2.4
Dodging        | |  2.1

Action                     |  1- 3 |  4- 6 |  7- 9 | 10-12 || total
---------------------------+-------+-------+-------+-------++-------
  Melee: Hand axe          |   108 |    95 |       |       ||   203
         Headbutt          |    16 |    10 |    33 |     4 ||    63
         Battleaxe         |       |    13 |   193 |     7 ||   213
         Morningstar       |       |       |       |     4 ||     4
   Fire: Sling             |       |    17 |    41 |    13 ||    71
         Orcbow            |       |       |    35 |       ||    35
         Arbalest          |       |       |    10 |       ||    10
  Throw: Boomerang         |       |       |     5 |       ||     5
 Invoke: Berserk           |     2 |     1 |    10 |     2 ||    15
         Trog's Hand       |       |       |     3 |       ||     3
  Evoke: Wand              |     1 |       |       |       ||     1
    Use: Scroll            |     3 |     3 |    11 |     1 ||    18
         Potion            |       |       |     1 |       ||     1
   Stab: Sleeping          |     1 |       |       |       ||     1
 Armour: Animal skin       |    15 |       |       |       ||    15
         Scale mail        |     4 |     4 |       |       ||     8
         Plate armour      |       |    48 |   157 |    22 ||   227
  Dodge: Dodged            |    75 |    46 |    93 |    19 ||   233

Table legend: (Time is in decaauts)
 A = Elapsed time spent in this place.
 B = Non-inter-level travel time spent in this place.
 C = Inter-level travel time spent in this place.
 D = Time resting spent in this place.
 E = Time spent auto-exploring this place.
 F = Levels seen in this place.
 G = Mean time per level.
                   A        B        C        D        E       F      G
               +--------+--------+--------+--------+--------+-----+--------+
         Total |   9249 |   9097 |    152 |   2337 |   5009 |   9 | 1027.7 |
       Dungeon |   9249 |   9097 |    152 |   2337 |   5009 |   9 | 1027.7 |
               +--------+--------+--------+--------+--------+-----+--------+

Top non-repeatable levels by time:
     D:8: 1526 daAuts
     D:7: 1486 daAuts
     D:4: 1309 daAuts
     D:6: 1170 daAuts
     D:2: 1124 daAuts
     D:5: 940 daAuts
     D:1: 855 daAuts
     D:3: 829 daAuts
     D:9: 6 daAuts
